 Dungeon Crawl Stone Soup version 0.24.0-10-g970556be89 (webtiles) character file.

Game seed: 9078678937773382104, levelgen mode: deterministic

177120 DavidChitty2 the Severer (level 17, -2/166 HPs)
             Began as a Minotaur Fighter on Nov 4, 2019.
             Was the Champion of Ru.
             Slain by a deep troll (11 damage)
             ... on level 1 of the Depths.
             The game lasted 01:00:12 (42940 turns).

DavidChitty2 the Severer (Minotaur Fighter)        Turns: 42940, Time: 01:00:12

Health: -2/166     AC: 22    Str: 26    XL:     17   Next: 25%
Magic:  23/23      EV: 12    Int:  5    God:    Ru [******]
Gold:   2524       SH:  3    Dex: 10    Spells: 16/16 levels left

rFire    . . .     SeeInvis +   a - +1 broad axe
rCold    . . .     Gourm    .   (shield unavailable)
rNeg     . . .     Faith    .   V - +4 plate armour
rPois    .         Spirit   .   h - +2 hat
rElec    .         Reflect  +   w - +1 cloak
rCorr    .         Harm     .   W - +2 pair of gloves
MR       +....                  j - +0 pair of boots
Stlth    ..........             c - +3 amulet of reflection
HPRegen  0.37/turn              (ring unavailable)
MPRegen  0.18/turn              z - ring of see invisible

@: exhausted, heavily drained
A: retaliatory headbutt, horns 2, clumsy 1, missing a hand, no stealth,
inability to train armour, no necromancy magic, no poison magic, no
translocations magic
}: 1/15 runes: gossamer
a: Draw Out Power, Power Leap, Apocalypse, Renounce Religion


You were on level 1 of the Depths.
You worshipped Ru.
Ru was exalted by your worship.
You were not hungry.

You visited 7 branches of the dungeon, and saw 30 of its levels.
You also visited: Sewer and Ossuary.

You collected 2788 gold pieces.
You spent 264 gold pieces at shops.

Inventory:

Hand Weapons
 a - a +1 broad axe (weapon)
   (You found it on level 3 of the Lair of Beasts)
 b - the +9 hunting sling of Pyacvehyo {flame, rPois Str+5}
   (You found it on level 13 of the Dungeon)

   It causes projectiles fired from it to burn those they strike, causing extra
   injury to most foes and up to half again as much damage against particularly
   susceptible opponents.
   It affects your strength (+5).
   It protects you from poison.
 q - a +2 flail of crushing
   (You took it off an orc on level 4 of the Dungeon)
 Z - the +4 broad axe "Beastbane" {speed, Fragile rElec Int+3}
   (You acquired it on level 1 of the Spider Nest)

   Attacks with this weapon are significantly faster.
   It affects your intelligence (+3).
   It insulates you from electricity.
   It will be destroyed if unequipped.
Missiles
 N - 3 throwing nets (quivered) {!f}
 U - 71 sling bullets
 X - 42 stones
Armour
 h - a +2 hat (worn)
   (You found it on level 1 of the Dungeon)
 j - a +0 pair of boots (worn)
   (You found it on level 4 of the Dungeon)
 w - a +1 cloak (worn)
   (You found it on level 5 of the Dungeon)
 T - a +0 ring mail of cold resistance
   (You took it off an orc on level 4 of the Dungeon)
 V - a +4 plate armour (worn)
   (You took it off a vault guard on level 14 of the Dungeon)
 W - a +2 pair of gloves (worn)
   (You bought it in a shop on level 2 of the Orcish Mines)
Jewellery
 c - a +3 amulet of reflection (around neck)
   (You found it on level 2 of the Lair of Beasts)
 l - an uncursed ring of protection from magic
   (You found it on level 2 of the Dungeon)
 o - an uncursed ring of protection from cold
   (You took it off an orc warrior on level 1 of the Orcish Mines)
 p - a +3 ring of evasion
   (You found it on level 14 of the Dungeon)
 z - a ring of see invisible (right hand)
   (You found it on level 5 of the Dungeon)
 O - an uncursed ring of fire
   (You found it on level 3 of the Lair of Beasts)
 P - the ring "Syvas" {rCorr Dex+5}
   (You found it on level 4 of the Lair of Beasts)

   [ring of resist corrosion]

   It affects your dexterity (+5).
   It provides partial protection from all sources of acid and corrosion.
Wands
 d - a wand of iceblast (5)
   (You found it on level 6 of the Lair of Beasts)
 t - a wand of flame (59)
   (You found it on level 6 of the Dungeon)
 u - a wand of paralysis (44)
   (You took it off Ijyb on level 3 of the Dungeon)
 x - a wand of acid (8)
   (You found it on level 3 of the Spider Nest)
 C - a wand of clouds (12)
   (You found it on level 6 of the Dungeon)
 I - a wand of polymorph (24)
   (You found it on level 9 of the Dungeon)
Scrolls
 f - 12 scrolls of identify {@r1}
 m - 21 scrolls of teleportation {@r4}
 r - 3 scrolls of fear
 A - 15 scrolls of remove curse {@r2}
 D - 2 scrolls of magic mapping
 G - 7 scrolls of blinking
 L - 5 scrolls of enchant armour
 M - 4 scrolls of fog
 Q - a scroll of summoning
 S - a scroll of silence
 Y - a scroll of immolation {!r}
Potions
 g - 5 potions of heal wounds {@q2}
 i - a potion of berserk rage
 k - 7 potions of flight
 n - 8 potions of lignification {!q}
 s - 4 potions of ambrosia
 v - 4 potions of brilliance
 y - 2 potions of invisibility
 B - 2 potions of cancellation
 E - 3 potions of agility
 F - 5 potions of magic
 H - 3 potions of curing {@q1}
 K - 10 potions of haste {@q3}
 R - 11 potions of might
Comestibles
 e - 42 rations {!d}


   Skills:
 + Level 18.3(16.1) Fighting
 - Level 20.0(17.7) Axes
 - Level 5.0(3.4) Slings
   Level 0.0 Armour
 + Level 15.8(13.7) Dodging
   Level 0.0 Shields
 - Level 10.0(8.2) Evocations


You had 16 spell levels left.
You didn't know any spells.
Your spell library contained the following spells:

 Spells                   Type           Power        Failure   Level  Hunger
 Confusing Touch          Hex            #.....       100%        1    ##.....
 Corona                   Hex            #......      100%        1    ##.....
 Flame Tongue             Conj/Fire      #....        100%        1    ##.....
 Freeze                   Ice            #...         100%        1    ##.....
 Infusion                 Chrm           #...         100%        1    ##.....
 Ensorcelled Hibernation  Hex/Ice        #.....       100%        2    ###....
 Slow                     Hex            #.......     100%        2    ###....
 Song of Slaying          Chrm           #.......     100%        2    ###....
 Throw Flame              Conj/Fire      #.....       100%        2    ###....
 Throw Frost              Conj/Ice       #.....       100%        2    ###....
 Confuse                  Hex            #.......     100%        3    ####...
 Conjure Flame            Conj/Fire      #.......     100%        3    ####...
 Dazzling Spray           Conj/Hex       #.....       100%        3    ####...
 Inner Flame              Hex/Fire       #.......     100%        3    ####...
 Ozocubu's Armour         Chrm/Ice       #.......     100%        3    ####...
 Spectral Weapon          Hex/Chrm       #.......     100%        3    ####...
 Tukima's Dance           Hex            #.......     100%        3    ####...
 Cause Fear               Hex            #.........   100%        4    #####..
 Leda's Liquefaction      Hex/Erth       #.........   100%        4    #####..
 Petrify                  Tmut/Erth      #.......     100%        4    #####..
 Sticky Flame             Conj/Fire      #.......     100%        4    #####..
 Summon Ice Beast         Ice/Summ       #.......     100%        4    #####..
 Throw Icicle             Conj/Ice       #.......     100%        4    #####..
 Bolt of Magma            Conj/Fire/Erth #.........   100%        5    ######.
 Fireball                 Conj/Fire      #.........   100%        5    ######.
 Iskenderun's Battlesphe  Conj/Chrm      #.......     100%        5    ######.
 Metabolic Englaciation   Hex/Ice        #.........   100%        5    ######.
 Yara's Violent Unravell  Hex/Tmut       #.........   100%        5    ######.
 Iron Shot                Conj/Erth      #.........   100%        6    #######
 Orb of Destruction       Conj           #.........   100%        7    #######
 Spellforged Servitor     Conj/Summ      #.........   100%        7    #######
 Shroud of Golubria       Chrm/Tloc      Unusable     N/A         2    N/A
 Gell's Gravitas          Tloc           Unusable     N/A         3    N/A
 Portal Projectile        Hex/Tloc       Unusable     N/A         3    N/A
 Recall                   Summ/Tloc      Unusable     N/A         3    N/A
 Regeneration             Chrm/Necr      Unusable     N/A         3    N/A
 Animate Dead             Necr           Unusable     N/A         4    N/A
 Borgnjor's Vile Clutch   Necr/Erth      Unusable     N/A         5    N/A
 Venom Bolt               Conj/Pois      Unusable     N/A         5    N/A
 Death Channel            Necr           Unusable     N/A         6    N/A
 Simulacrum               Ice/Necr       Unusable     N/A         6    N/A

Dungeon Overview and Level Annotations

Branches:
Dungeon (15/15)            Temple (1/1) D:4            Lair (6/6) D:10
 Shoals (1/4) Lair:2       Spider (4/4) Lair:2        Slime (0/5) Lair:6
    Orc (2/2) D:11            Elf (0/3) Orc:2        Vaults (0/5) D:14
 Depths (1/5) D:15          Sewer (visited)         Ossuary (visited)

Altars:
Ashenzari
Cheibriados
Dithmenos
Elyvilon
Fedhas
Gozag
Hepliaklqana
Kikubaaqudgha
Makhleb
Nemelex Xobeh
Okawaru
Qazlal
Ru
Sif Muna
Trog
Uskayaw
Vehumet
Wu Jian
Xom
Yredelemnul
Zin
The Shining One
Beogh
Jiyva

Shops:
D:5 :   D:10 **   Orc:2 !*}*   Shoals:1 (

Annotations:
D:9 2 transporters
Lair:1 1 runed translucent door, Ratty's ghost, novice CeBe
Lair:2 1 runed translucent door, Pechyafi's ghost, journeyman DDEE
Shoals:1 Louise


Innate Abilities, Weirdness & Mutations

You reflexively headbutt those who attack you in melee.
You have a pair of horns on your head.
You are clumsy. (Dex -2)
You are missing a hand.
You cannot be stealthy.
You cannot train Armour skill.
You cannot study or cast Necromancy magic.
You cannot study or cast Poison magic.
You cannot study or cast Translocations magic.


Message History

You are too injured to fight recklessly!
You slice the deep troll!! You hit the deep troll.
You hit the deep troll but do no damage.
The deep troll closely misses you. You furiously retaliate!
You headbutt the deep troll! The deep troll barely misses you.
The deep troll claws you but does no damage.
The deep troll bites you but does no damage.
The deep troll claws you but does no damage. x2
You closely miss the deep troll. You barely miss the deep troll.
You hit the deep troll but do no damage.
The spark wasp begins to attack, but is stunned by your will!
The deep troll bites you!
* * * LOW HITPOINT WARNING * * *
You focus your will and paralyse the deep troll in retribution!
The deep troll claws you.
* * * LOW HITPOINT WARNING * * *
The deep troll claws you but does no damage.
A deep troll comes into view.
You slice the deep troll!!
You kill the deep troll!
You slash the deep troll!
The helpless deep troll fails to defend itself.
You hit the deep troll.
The deep troll is stunned by your will and fails to attack.
Your plate armour prevents you from hitting the spark wasp.
You barely miss the deep troll.
The helpless deep troll fails to defend itself.
You slice the deep troll!! The spark wasp stings you.
* * * LOW HITPOINT WARNING * * *
The spark wasp shocks you!
* * * LOW HITPOINT WARNING * * *
You focus your will and illuminate the spark wasp in retribution!
The deep troll bites you.
* * * LOW HITPOINT WARNING * * *
You focus your will and illuminate the deep troll in retribution!
The deep troll claws you but does no damage.
The deep troll claws you.
* * * LOW HITPOINT WARNING * * *
You focus your will and illuminate the deep troll in retribution!
You hit the spark wasp but do no damage.
Your plate armour prevents you from hitting the deep troll.
The helpless deep troll fails to defend itself.
You hit the deep troll. The spark wasp stings you!
* * * LOW HITPOINT WARNING * * *
The spark wasp shocks you!
* * * LOW HITPOINT WARNING * * *
The merfolk impaler closely misses you. The deep troll bites you.
* * * LOW HITPOINT WARNING * * *
The deep troll barely misses you. The deep troll claws you!
You die...

... ... .. .. .
.# .. ###### .#
...
##...<##.##....
#..≈..#)....≈..
##....@y...≈≈..
##.....TT...≈≈..
#.>......m......
##.........≈≈≈≈≈
###.....?.≈≈≈≈≈
....#.#..≈T≈≈.
########....≈≈.
###.≈≈. ....


You could see a merfolk impaler, a spark wasp and 3 deep trolls.

Vanquished Creatures
  Gastronok (Lair:3)
  4 ghost moths (Spider:4)
  5 emperor scorpions
  4 entropy weavers
  Nessos (D:14)
  Azrael (D:14)
  A spark wasp (Spider:4)
  Snorg (D:13)
  An ettin (D:15)
  3 jiangshi (Depths:1)
  Harold (D:8)
  10 hydras
  4 vault guards (D:14)
  7 centaur warriors
  Erica (D:8)
  2 merfolk aquamancers (Shoals:1)
  15 two-headed ogres
  2 tengu warriors
  2 ogre magi (Orc:2)
  2 deep troll earth magi (Depths:1)
  A vampire mage (Depths:1)
  An orc high priest (Orc:1)
  Sonja (D:13)
  An unseen horror (D:14)
  5 deep trolls
  4 deep elf magi
  2 orc knights
  33 wolf spiders
  19 orb spiders
  5 harpies (Shoals:1)
  12 ugly things
  2 orc sorcerers
  A manticore (Lair:2)
  4 cyclopes
  6 elephants
  Maurice (D:10)
  A torpor snail (Spider:2)
  5 black mambas
  A gargoyle (D:12)
  5 spiny frogs
  10 komodo dragons
  A rime drake (Lair:3)
  6 yaktaurs (D:15)
  16 demonic crawlers
  An efreet (D:14)
  3 merfolk
  A wind drake (Shoals:1)
  29 jumping spiders
  3 meliai (Spider:2)
  12 trolls
  6 polar bears
  A queen bee (Spider:2)
  12 hornets
  5 blink frogs (Lair:3)
  6 dream sheep (Lair:4)
  4 hippogriffs
  A shadow (D:15)
  10 slime creatures (D:15)
  64 redbacks
  14 spriggans
  A wyvern (D:8)
  5 fire elementals
  29 yaks
  28 tarantellas
  4 water elementals (Shoals:1)
  3 basilisks
  Grum (D:10)
  A hog (shapeshifter) (Depths:1)
  A steam dragon (D:11)
  A hungry ghost (D:15)
  A soldier ant (D:14)
  3 wargs
  3 porcupines
  14 water moccasins
  22 orc warriors
  3 eyes of draining
  5 sky beasts
  A hornet zombie (D:11)
  4 ice beasts
  25 ogres
  3 black bears
  A necrophage (D:11)
  22 wolves
  5 boggarts (Lair:6)
  24 centaurs
  11 crocodiles
  12 bullfrogs
  2 big kobolds
  A gnoll sergeant (D:8)
  A water moccasin zombie (D:6)
  13 scorpions
  A wyvern skeleton (D:14)
  A water moccasin skeleton (D:6)
  25 killer bees
  27 wights
  An electric eel (Lair:4)
  5 howler monkeys
  2 quasits
  12 crimson imps
  8 centaur zombies
  A human zombie (Ossuary)
  4 jellies
  20 orc priests
  4 bullfrog zombies
  4 hounds
  26 orc wizards
  A bullfrog skeleton (D:7)
  3 iguanas
  2 centaur skeletons
  Ijyb (D:3)
  7 hell rats (Lair:6)
  13 worker ants
  2 killer bee zombies
  4 big kobold zombies (Ossuary)
  A hound zombie (D:9)
  3 mummies (Ossuary)
  A howler monkey zombie (D:11)
  2 worker ant zombies (D:11)
  11 gnolls
  13 adders
  6 river rats
  4 scorpion zombies (Ossuary)
  2 shadow imps
  A white imp (D:6)
  An ooze (D:7)
  An adder skeleton (D:9)
  An adder zombie (D:7)
  7 worms
  6 dart slugs
  9 leopard geckos
  90 orcs
  3 ball pythons
  4 giant cockroaches
  7 goblins
  5 hobgoblins
  6 jackals
  14 kobolds
  6 quokkas
  4 bats
  5 frilled lizards
  2 goblin zombies
  A jackal skeleton (D:4)
  A jackal zombie (D:7)
  A kobold zombie (Ossuary)
  A leopard gecko skeleton (D:7)
  An orc zombie (Ossuary)
  3 quokka skeletons
  A quokka zombie (D:7)
  13 rats
  A fungus (Lair:6)
  A plant (Lair:4)
1046 creatures vanquished.

Vanquished Creatures (collateral kills)
  A killer bee (Spider:2)
1 creature vanquished.

Vanquished Creatures (others)
  An unseen horror (D:15)
  A harpy (Shoals:1)
  2 wolf spiders
  A spiny frog (Lair:3)
  2 jumping spiders
  2 slime creatures (Depths:1)
  A hornet (Lair:6)
  A meliai zombie (D:12)
  A hippogriff (Lair:2)
  4 redbacks
  2 tarantellas
  A centaur (D:15)
  A gnoll (D:8)
  An orc (Orc:1)
  A kobold (D:9)
  5 fungi
  7 plants
34 creatures vanquished.

Grand Total: 1081 creatures vanquished

Notes
Turn   | Place    | Note
-------+----------+-------------------------------------------
     0 | D:1      | DavidChitty2 the Minotaur Fighter began the quest for the
                  | Orb.
     0 | D:1      | Reached XP level 1. HP: 19/19 MP: 0/0
   145 | D:1      | Reached XP level 2. HP: 27/27 MP: 1/1
   166 | D:1      | Reached skill level 3 in Axes
   343 | D:1      | Reached XP level 3. HP: 30/33 MP: 2/2
  1164 | D:2      | Reached XP level 4. HP: 40/40 MP: 3/3
  1347 | D:3      | Found a white marble altar of Elyvilon.
  1352 | D:3      | Reached skill level 4 in Axes
  1503 | D:3      | Noticed Ijyb
  1510 | D:3      | Killed Ijyb
  1510 | D:3      | Reached XP level 5. HP: 46/47 MP: 4/4
  1856 | D:3      | Found a glowing drain.
  1887 | Sewer    | Entered a sewer
  2162 | Sewer    | Reached skill level 5 in Axes
  2180 | Sewer    | Found a glowing silver altar of Zin.
  2401 | D:4      | Reached XP level 6. HP: 55/55 MP: 5/5
  2571 | D:4      | Found a staircase to the Ecumenical Temple.
  2578 | Temple   | Entered the Ecumenical Temple
  2814 | Temple   | Became a worshipper of Ru the Awakened
  2915 | D:4      | Reached skill level 5 in Armour
  2952 | D:4      | Reached skill level 5 in Shields
  2962 | D:4      | Reached skill level 5 in Fighting
  3322 | D:4      | Found a basalt altar of Yredelemnul.
  3577 | D:5      | Entered Level 5 of the Dungeon
  3669 | D:5      | Noticed a sky beast
  3674 | D:5      | Killed a sky beast
  3674 | D:5      | Reached skill level 6 in Axes
  3674 | D:5      | Reached XP level 7. HP: 61/61 MP: 6/6
  3920 | D:5      | Reached skill level 7 in Axes
  3953 | D:5      | Reached XP level 8. HP: 41/70 MP: 7/7
  4107 | D:5      | Gained mutation: You cannot study or cast Poison magic. [Ru
                  | sacrifice]
  4107 | D:5      | Gained mutation: You cannot study or cast Necromancy magic.
                  | [Ru sacrifice]
  4107 | D:5      | Gained mutation: You cannot study or cast Translocations
                  | magic. [Ru sacrifice]
  4107 | D:5      | Reached * piety under Ru
  4136 | D:5      | Found Hymou's Book Boutique.
  4320 | D:5      | Reached skill level 8 in Axes
  5267 | D:6      | Reached skill level 9 in Axes
  5690 | D:7      | Reached XP level 9. HP: 64/79 MP: 8/8
  5936 | D:7      | Found a sand-covered staircase.
  5944 | Ossuary  | Entered an ossuary
  6047 | Ossuary  | Gained mutation: You are missing a hand. [Ru sacrifice]
  6047 | Ossuary  | Reached ** piety under Ru
  6047 | Ossuary  | Reached *** piety under Ru
  6047 | Ossuary  | Reached **** piety under Ru
  6118 | Ossuary  | Reached skill level 10 in Axes
  6759 | D:7      | Found a shimmering altar of Xom.
  7370 | D:8      | Noticed a two-headed ogre
  7377 | D:8      | Killed a two-headed ogre
  7377 | D:8      | Reached skill level 11 in Axes
  7377 | D:8      | Reached skill level 1 in Dodging
  7533 | D:8      | Reached XP level 10. HP: 88/90 MP: 9/9
  7706 | D:8      | Noticed Harold
  7727 | D:8      | Killed Harold
  7820 | D:8      | Gained mutation: You cannot train Armour skill. [Ru
                  | sacrifice]
  7820 | D:8      | Reached ***** piety under Ru
  8380 | D:8      | Noticed Erica
  8385 | D:8      | Reached skill level 12 in Axes
  8404 | D:8      | Killed Erica
  8803 | D:9      | Noticed a two-headed ogre
  9185 | D:8      | Killed a two-headed ogre
  9185 | D:8      | Reached skill level 10 in Fighting
  9185 | D:8      | Reached skill level 13 in Axes
  9185 | D:8      | Reached skill level 5 in Dodging
  9414 | D:9      | Reached XP level 11. HP: 68/99 MP: 10/10
  9692 | D:9      | Found a transporter.
  9695 | D:9      | Noticed an orc sorcerer
  9705 | D:9      | Noticed an orc sorcerer
  9722 | D:9      | Found a transporter.
  9779 | D:9      | Paralysed by a hornet for 3 turns
 10349 | D:10     | Entered Level 10 of the Dungeon
 10349 | D:10     | Found Suplen's Assorted Antiques.
 10365 | D:10     | Noticed a two-headed ogre
 10390 | D:10     | Killed a two-headed ogre
 10557 | D:10     | Found Meunt's Assorted Antiques.
 10628 | D:10     | Noticed Maurice
 10641 | D:10     | Killed Maurice
 10641 | D:10     | Noticed a two-headed ogre
 10649 | D:10     | Killed a two-headed ogre
 10649 | D:10     | Reached skill level 14 in Axes
 11047 | D:10     | Noticed Grum
 11064 | D:10     | Killed Grum
 11143 | D:10     | Noticed a centaur warrior
 11151 | D:10     | Killed a centaur warrior
 11287 | D:10     | Found a staircase to the Lair.
 11975 | Lair:1   | Entered Level 1 of the Lair of Beasts
 12003 | Lair:1   | Reached skill level 15 in Axes
 12317 | Lair:1   | Reached XP level 12. HP: 81/110 MP: 11/11
 12516 | Lair:1   | Found a runed translucent door.
 12519 | Lair:1   | Noticed Ratty's ghost (novice CeBe)
 12520 | Lair:1   | Identified the cursed +1 trident of Atorph {pierce, Fragile
                  | rElec MR+ Dex+5}
 13062 | Lair:2   | Found a staircase to the Shoals.
 13290 | Lair:2   | Noticed a seven-headed hydra
 13318 | Lair:2   | Killed a seven-headed hydra
 13713 | Lair:2   | Found a hole to the Spider Nest.
 13756 | Lair:2   | Found a runed translucent door.
 13757 | Lair:2   | Identified the +1 spear of Uthisop {freeze, Int+2}
 13758 | Lair:2   | Noticed Pechyafi's ghost (journeyman DDEE)
 13929 | Lair:2   | Noticed a five-headed hydra
 13936 | Lair:2   | Killed a five-headed hydra
 14511 | Lair:3   | Reached skill level 16 in Axes
 15060 | Lair:3   | Noticed Gastronok
 15089 | Lair:3   | Killed Gastronok
 15647 | Lair:3   | Gained mutation: You are clumsy. (Dex -2) [Ru sacrifice]
 15649 | Lair:4   | Noticed a five-headed hydra
 15657 | Lair:4   | Killed a five-headed hydra
 16079 | Lair:4   | Reached XP level 13. HP: 82/119 MP: 12/12
 16248 | Lair:4   | Reached skill level 17 in Axes
 16621 | Lair:4   | Got a flickering lead ring
 16622 | Lair:4   | Identified the ring "Syvas" {rCorr Dex+5} (You found it on
                  | level 4 of the Lair of Beasts)
 17014 | Lair:4   | Reached skill level 10 in Dodging
 18390 | Lair:5   | Gained mutation: You cannot be stealthy. [Ru sacrifice]
 18390 | Lair:5   | Reached ****** piety under Ru
 18825 | Lair:6   | Entered Level 6 of the Lair of Beasts
 19342 | Lair:6   | Reached skill level 18 in Axes
 20251 | Lair:6   | Found a viscous altar of Jiyva.
 20251 | Lair:6   | Found a staircase to the Slime Pits.
 21841 | D:11     | Reached skill level 1 in Evocations
 22268 | D:11     | Reached XP level 14. HP: 104/133 MP: 13/13
 22276 | D:11     | Found a roughly hewn altar of Beogh.
 22286 | D:11     | Found a staircase to the Orcish Mines.
 22560 | D:11     | Found a shattered altar of Ashenzari.
 24160 | D:13     | You fall into a shaft and drop 2 floors!
 24160 | D:15     | Entered Level 15 of the Dungeon
 24372 | D:14     | Found a gate to the Vaults.
 24380 | D:14     | Reached skill level 15 in Fighting
 24390 | D:14     | Noticed Nessos
 24404 | D:14     | Killed Nessos
 24483 | D:14     | Noticed Azrael
 24500 | D:14     | Killed Azrael
 25195 | D:13     | Noticed Sonja
 25199 | D:13     | Killed Sonja
 25206 | D:13     | Noticed Snorg
 25218 | D:13     | Killed Snorg
 25661 | D:13     | Got a faintly glowing hunting sling
 26435 | D:15     | Reached skill level 5 in Evocations
 26802 | D:15     | Identified 3 scrolls of acquirement
 26803 | D:15     | Got a faintly glowing war axe
 26804 | D:15     | Identified the +1 war axe "Sarghat" {vamp, rC+} (You
                  | acquired it on level 15 of the Dungeon)
 26807 | D:15     | Identified the +9 hunting sling of Pyacvehyo {flame, rPois
                  | Str+5} (You found it on level 13 of the Dungeon)
 26840 | D:15     | Reached XP level 15. HP: 94/143 MP: 16/18
 26988 | D:15     | Found a staircase to the Depths.
 27025 | D:15     | Reached skill level 19 in Axes
 27622 | D:15     | Found a blossoming altar of Fedhas.
 28020 | Orc:1    | Entered Level 1 of the Orcish Mines
 28377 | Orc:2    | Entered Level 2 of the Orcish Mines
 28379 | Orc:2    | Found a staircase to the Elven Halls.
 29878 | Orc:2    | Found Sufromn's Gadget Boutique.
 30207 | Orc:2    | Found Geitep's Distillery.
 30211 | Orc:2    | Found Bahuqoac's General Store.
 30289 | Orc:2    | Found Kobil's General Store.
 30343 | Orc:2    | Bought a +2 pair of gloves for 264 gold pieces
 31786 | Spider:1 | Entered Level 1 of the Spider Nest
 33409 | Spider:1 | Got a scorched broad axe
 33410 | Spider:1 | Identified the +4 broad axe "Beastbane" {speed, Fragile
                  | rElec Int+3} (You acquired it on level 1 of the Spider
                  | Nest)
 33412 | Spider:1 | Got a warped hat
 33413 | Spider:1 | Identified the -1 hat of Toiriav {Dex+3} (You acquired it
                  | on level 1 of the Spider Nest)
 34072 | Spider:1 | Reached XP level 16. HP: 45/154 MP: 20/20
 35345 | Spider:2 | Reached skill level 1 in Slings
 36138 | Spider:3 | Reached skill level 20 in Axes
 37224 | Spider:4 | Entered Level 4 of the Spider Nest
 38239 | Spider:4 | Reached skill level 5 in Slings
 39760 | Spider:4 | Reached skill level 15 in Dodging
 40661 | Spider:4 | Paralysed by a hornet for 3 turns
 41501 | Spider:4 | Got a gossamer rune of Zot
 41602 | Spider:4 | Reached XP level 17. HP: 123/163 MP: 14/23
 41982 | Shoals:1 | Entered Level 1 of the Shoals
 41982 | Shoals:1 | Found Giurut's Antique Weapon Emporium.
 42087 | Shoals:1 | Noticed Louise
 42581 | Depths:1 | Entered Level 1 of the Depths
 42607 | Depths:1 | Reached skill level 10 in Evocations
 42940 | Depths:1 | Slain by a deep troll

Levels and vault maps discovered:
D:1:      eino_arrival_water_star, layout_loops_corners
D:2:      layout_rooms, minmay_pentomino_o2
D:3:      layout_basic, cheibrodos_sewer_entry_bend, elyvilon_altar_5, uniq_ijyb
D:4:      layout_loops_ring, nicolae_overflow_hidden_temple,
          minmay_temple_entry_trees
D:5:      layout_rooms, serial_shops, nicolae_shop_behind_doors, first_ration,
          roderic_st_hans_cross
D:6:      layout_basic, minmay_fire_ice_demons
D:7:      layout_basic, basic_altar, enter_ossuary_4
D:8:      layout_basic, grunt_ministairs_4, uniq_harold, uniq_erica
D:9:      gammafunk_wand_slinger, layout_basic
D:10:     layout_loops_ring, lair_entry_dummy, serial_shops,
          nicolae_shop_overgrown_old_shop, shop, corexii_hall_statues_x,
          hangedman_fish_farm, uniq_grum, uniq_maurice
D:11:     layout_cave_pods, david_orc_5, nicolae_ashenzari_panopticon
D:12:     layout_irregular_city, hangedman_decor_push
D:13:     layout_basic, uniq_snorg, uniq_sonja
D:14:     layout_small_grid, lightli_vaults_fourway_checkpoint,
          roderic_serpentine_path, uniq_nessos, uniq_azrael
D:15:     hangedman_depths_entry_civil_slaughter, layout_layer_cave,
          fedhas_altar_2
Temple:   roderic_octagonal_lattice_temple
Lair:1:   layout_chaotic_city, ebering_ghost_funeral_grove
Lair:2:   layout_cave_pods, minmay_shoals_entry_beasts, dummy_spider_entry,
          ebering_ghost_funeral_grove, grunt_forest_large_clearing_hut
Lair:3:   layout_roguey, uniq_gastronok
Lair:4:   minmay_lair_venomous_thicket, layout_gridlike, forest_entry_grove,
          lemuel_fruit_fields, lemuel_fruit_tree
Lair:5:   layout_hall_layers, grunt_megastairs_1
Lair:6:   minmay_lair_end_enchanted_forest, layout_gridlike, slime_altar_1,
          kennysheep_abandoned_house
Shoals:1: layout_shoals, serial_shops, nicolae_shop_trees, nicolae_shop_crystal,
          shop, shop, uniq_louise
Spider:1: layout_chambers
Spider:2: layout_spider_delve, special_room [special_room_bee],
          nicolae_spider_cling_ruins
Spider:3: layout_spider_delve
Spider:4: guppyfry_spider_rune
Orc:1:    layout_caves, minmay_orc_keep
Orc:2:    st_orc_open, layout_caves, nicolae_orc_pool_cavern
Depths:1: layout_cave_pools, abyss_entry, hangedman_decor_peaks_small,
          pf_hell_entry_great_geh, hangedman_decor_points, lemuel_flame_loot_1,
          serial_bayou_shore_b, minmay_shop_grove, uniq_asterion, uniq_mara

Skill      XL: |  1  2  3  4  5  6  7  8  9 10 11 12 13 14 15 16 17 |
---------------+----------------------------------------------------+-----
Axes           | 3 4 5 6 7 9 11 13 15 16 18 19 20 | 20.0
Armour         | 4 5 6 7 8 0 |  0.0
Shields        | 4 5 6 7 0 |  0.0
Fighting       | 4 5 6 7 8 10 11 12 14 15 16 17 18 | 18.3
Dodging        | 2 5 7 9 11 12 14 15 | 15.8
Evocations     | 1 5 7 9 10 | 10.0
Slings         | 5 |  5.0

Action                   |  1- 3 |  4- 6 |  7- 9 | 10-12 | 13-15 | 16-18 || total
-------------------------+-------+-------+-------+-------+-------+-------++-------
Melee: War axe           |    79 |   151 |   341 |   735 |    35 |       ||  1341
       Headbutt          |    11 |    28 |    64 |   170 |   266 |    49 ||   588
       Flail             |       |       |       |    16 |    29 |       ||    45
       Broad axe         |       |       |       |       |  1234 |   198 ||  1432
 Fire: Hunting sling     |       |       |       |       |   223 |   641 ||   864
Invok: Sacrifice Arcana  |       |       |     1 |       |       |       ||     1
       Sacrifice a Hand  |       |       |     1 |       |       |       ||     1
       Power Leap        |       |       |       |     1 |       |       ||     1
       Sacrifice Durabil |       |       |       |     1 |       |       ||     1
       Sacrifice Purity  |       |       |       |     1 |       |       ||     1
       Draw Out Power    |       |       |       |       |     5 |     3 ||     8
       Apocalypse        |       |       |       |       |     4 |     5 ||     9
       Sacrifice Stealth |       |       |       |       |     1 |       ||     1
Evoke: Wand              |       |       |     1 |     1 |    13 |     2 ||    17
  Use: Scroll            |       |    12 |     6 |     9 |    12 |     1 ||    40
       Potion            |       |     1 |     1 |       |     6 |     5 ||    13
 Stab: Invisible         |       |       |     1 |     3 |     9 |     4 ||    17
       Distracted        |       |       |       |     3 |     8 |     4 ||    15
       Paralysed         |       |       |       |     8 |    32 |     6 ||    46
       Confused          |       |       |       |       |     2 |       ||     2
  Eat: Chunk             |     1 |     7 |    10 |    22 |    38 |     5 ||    83
       Ration            |       |       |     1 |     2 |     5 |     7 ||    15
Armor: Scale mail        |    21 |     1 |       |       |       |       ||    22
       Chain mail        |       |    83 |   138 |       |       |       ||   221
       Plate armour      |       |       |     5 |   275 |   658 |   479 ||  1417
Dodge: Dodged            |    22 |    32 |    79 |   240 |   670 |   471 ||  1514
Block: Shield            |    36 |    96 |   121 |       |       |       ||   253
       Other             |       |       |       |    11 |   143 |    88 ||   242
       Reflection        |       |       |       |       |     8 |       ||     8
